 Dungeon Crawl Stone Soup version 0.21-a0-380-gd65dc97 (webtiles) character file.

620688 4thArraOfDagon the Cutthroat (level 27, -35/269 HPs)
             Began as a Halfling Wanderer on Oct 16, 2017.
             Was an Initiate of Gozag.
             Annihilated by an orc warlord
             ... wielding a +0 great sword
              (38 damage)
             ... on level 4 of a ziggurat on Oct 17, 2017.
             The game lasted 04:15:03 (51709 turns).

4thArraOfDagon the Cutthroat (Halfling Wanderer)   Turns: 51709, Time: 04:15:03

Health: -35/269    AC: 33    Str: 23    XL:     27
Magic:  27/31      EV: 35    Int: 26    God:    Gozag
Gold:   2968       SH:  3    Dex: 17    Spells: 22/52 levels left

rFire    + + +     SeeInvis .   b - +8 scimitar of the Evil Eye {freeze, rElec Str+2}
rCold    . . .     Gourm    .   (shield restricted)
rNeg     + . .     Faith    .   (armour currently unavailable)
rPois    ∞         Spirit   .   h - +2 helmet of Geno {rCorr Str+3}
rElec    +         Reflect  +   K - +0 cloak of Action {MR+ MP-9 Str+6 Int+3}
rCorr    +         Harm     .   (gloves currently unavailable)
MR       +++..     Rnd*Rage +   (boots currently unavailable)
Stlth    +++++++++.             n - amulet of Keywujutox {Reflect Int+6 SH+3}
HPRegen  0.54/turn              T - ring of Pirhetrat {rElec rF+++ Str-4 Stlth+}
MPRegen  0.22/turn              d - ring of Dokhlih {EV+5 Slay+3}

@: statue-form, gold aura, very slow
A: berserk 1, mutation resistance 1, robust 1, electricity resistance
}: 4/15 runes: decaying, serpentine, slimy, silver
a: End Transformation, Potion Petition, Call Merchant, Bribe Branch, Renounce
Religion


You were on level 4 of a ziggurat.
You worshipped Gozag.
Gozag was most pleased with you.
You were very full.
You were a stone statue.
You visited 9 branches of the dungeon, and saw 49 of its levels.
You visited the Abyss 3 times.
You visited 1 bazaar.
You visited 1 ziggurat, and saw 4 of its levels.
You also visited: Labyrinth, Sewer and Bailey.

You collected 32856 gold pieces.
You spent 18843 gold pieces at shops.
You paid 11045 gold pieces to Gozag.

Inventory:

Hand Weapons
 b - the +8 scimitar of the Evil Eye (weapon) {freeze, rElec Str+2}
   (You bought it in a shop on level 3 of the Vaults)

   It has been specially enchanted to freeze those struck by it, causing extra
   injury to most foes and up to half again as much damage against particularly
   susceptible opponents.
   It can also slow down cold-blooded creatures.
   It affects your strength (+2).
   It insulates you from electricity.
 g - a +9 quick blade
 U - a +9 quick blade of venom
Armour
 h - the +2 helmet of Geno (worn) {rCorr Str+3}
   (You bought it in a shop on level 3 of the Depths)

   It affects your strength (+3).
   It protects you from acid and corrosion.
 o - a +2 pair of boots of stealth (melded)
 u - the +0 pair of fencer's gloves (melded) {+Riposte Dex+3}
   (You bought it in a shop on level 3 of the Depths)

   It affects your dexterity (+3).
 A - the +2 robe of the World (melded) {+Blink rElec Int+5 Stlth-}
   (You took it off a deep elf high priest on level 3 of the Elven Halls)

   It affects your intelligence (+5).
   It insulates you from electricity.
   It lets you blink.
   It makes you less stealthy.
 K - the +0 cloak of Action (worn) {MR+ MP-9 Str+6 Int+3}
   (You bought it in a shop in a bazaar)

   It affects your strength (+6).
   It affects your intelligence (+3).
   It affects your resistance to hostile enchantments.
   It affects your magic capacity (-9).
 Y - a +1 buckler of reflection
Magical Staves
 a - an uncursed staff of energy {!a}
 G - an uncursed staff of wizardry {!a}
Jewellery
 d - the ring of Dokhlih (right hand) {EV+5 Slay+3}
   (You bought it in a shop on level 3 of the Depths)

   [ring of evasion]

   It affects your evasion (+5).
   It affects your accuracy and damage with ranged weapons and melee attacks
   (+3).
 n - the amulet of Keywujutox (around neck) {Reflect Int+6 SH+3}
   (You took it off a deep elf elementalist on level 3 of the Elven Halls)

   [amulet of reflection]

   It shields you and reflects attacks.
   It affects your intelligence (+6).
   It affects your SH (+3).
 t - the ring of Sovereignty {rN++ AC+5 Str-3 Stlth+}
   (You bought it in a shop on level 4 of the Snake Pit)

   [ring of protection]

   It affects your AC (+5).
   It affects your strength (-3).
   It greatly protects you from negative energy.
   It makes you more stealthy.
 v - an uncursed ring of see invisible
 x - an uncursed ring of protection from magic
 y - a ring of the Octopus King {rCorr AC+1 EV+1 Str+1 Int+1 Dex+1}
   (You found it on level 3 of the Depths)

   [ring of resist corrosion]

   It affects your AC (+1).
   It affects your evasion (+1).
   It affects your strength (+1).
   It affects your intelligence (+1).
   It affects your dexterity (+1).
 P - an uncursed ring of protection from cold
 Q - an uncursed ring of ice
 T - the ring of Pirhetrat (left hand) {rElec rF+++ Str-4 Stlth+}
   (You found it on level 6 of the Lair of Beasts)

   [ring of stealth]

   It affects your strength (-4).
   It renders you almost immune to fire.
   It insulates you from electricity.
   It makes you more stealthy.
Wands
 I - a wand of scattershot (0/9)
 R - a wand of clouds (0/9)
 V - a wand of digging (15/24)
Scrolls
 c - 2 scrolls of teleportation
 q - 2 scrolls of blinking
 r - 7 scrolls of enchant weapon
 s - 3 scrolls of magic mapping
 z - 5 scrolls of fear
 B - 5 scrolls of enchant armour
 C - 14 scrolls of remove curse
 H - 7 scrolls of fog
 M - a scroll of silence
Potions
 e - 8 potions of might
 f - 3 potions of flight
 i - 19 potions of curing
 j - 8 potions of magic
 k - 5 potions of brilliance
 l - 2 potions of ambrosia
 p - 2 potions of heal wounds
 w - 4 potions of berserk rage
 D - 6 potions of haste
 E - 9 potions of cancellation
 F - 2 potions of agility
 J - 2 potions of invisibility
 N - 2 potions of mutation
 O - 3 potions of resistance
 W - 5 potions of lignification
Miscellaneous
 L - a fan of gales
 S - a lamp of fire
 X - a lightning rod (3/4)
 Z - a phial of floods
Comestibles
 m - 11 meat rations


   Skills:
 + Level 16.2 Fighting
 - Level 25.8(27) Short Blades
 * Level 13.9(19.7) Long Blades
 - Level 13.2 Armour
 - Level 18.2 Dodging
 - Level 20.2 Stealth
 - Level 10.5 Shields
 + Level 13.0 Spellcasting
 - Level 5.0 Charms
 - Level 3.5 Necromancy
 - Level 15.0 Translocations
 - Level 8.0 Transmutations
 - Level 11.2 Earth Magic
 - Level 1.0 Evocations


You had 22 spell levels left.
You knew the following spells:

 Your Spells              Type           Power        Failure   Level  Hunger
a - Apportation           Tloc           ######       0%          1    None
b - Regeneration          Chrm/Necr      #####.....   1%          3    None
c - Song of Slaying       Chrm           #####...     1%          2    None
d - Spectral Weapon       Hex/Chrm       ####....     3%          3    None
e - Statue Form           Tmut/Erth      ######...    10%         6    #####..
f - Passwall              Tmut/Erth      ######....   1%          2    None
g - Lee's Rapid Deconstr  Erth           ######....   1%          5    ###....
h - Swiftness             Chrm/Air       ####....     1%          2    None
i - Iron Shot             Conj/Erth      #####.....   45%         6    #####..


Dungeon Overview and Level Annotations

Branches:
Dungeon (15/15)            Temple (0/1) D:6            Lair (6/6) D:11
  Swamp (4/4) Lair:4        Snake (4/4) Lair:2        Slime (5/5) Lair:6
    Orc (2/2) D:9             Elf (3/3) Orc:2        Vaults (5/5) D:13
  Crypt (0/3) Vaults:2     Depths (5/5) D:15
    Zot: Depths:5

Altars:
Dithmenos
Fedhas
Gozag
Hepliaklqana
Kikubaaqudgha
Nemelex Xobeh
Ru
Sif Muna
Trog
Uskayaw
Vehumet
Wu Jian
Xom
Yredelemnul
Beogh
Jiyva

Shops:
D:8 :   D:11 %?[*   Orc:2 [[(([[   Elf:1 %   Elf:2 =   Elf:3 :((*   Lair:1 (
Snake:4 [:}}=*   Vaults:3 (   Vaults:5 [=}!   Depths:2 ?   Depths:3 =:[

Portals:
Hell: Depths:2 Depths:3 Depths:4
Abyss: Depths:3


Innate Abilities, Weirdness & Mutations

You are small and have problems with some larger weapons.
You are somewhat resistant to further mutation.
You tend to lose your temper in combat.
You are robust. (+10% HP)
You are resistant to electric shocks. (rElec)


Message History

The orc warlord is almost dead.
You block the orc warlord's attack.
The moth of wrath completely misses you. x2
Unknown command.
Unknown command.
You barely miss the orc warlord.
The orc warlord is almost dead.
The orc warlord hits you with a great sword!
* * * LOW HITPOINT WARNING * * *
The moth of wrath is distracted by the nearby gold.
The orc warlord hits you with a great sword!
* * * LOW HITPOINT WARNING * * *
The moth of wrath's fur bristles in rage as it notices you.
Unknown command.
Unknown command.
You slash the orc warlord! You freeze the orc warlord.
The orc warlord is almost dead.
The orc warlord hits you with a great sword!!!
You die...
Your body crumbles into a pile of gold.

▓.......▓
▓.......▓▓▓
..........▓
..........▓
o.........▓
C........∩▓
o.........▓
........y$▓
........o8▓
▓.......▓▓▓
▓.......▓
▓▓▓▓▓▓▓▓▓


You could see an orc warlord (berserk) and a moth of wrath.

Vanquished Creatures
  the Royal Jelly (Slime:5)
  An ancient lich (Vaults:5)
  3 juggernauts
  the Lernaean hydra (Swamp:4)
  12 caustic shrikes
  A profane servitor (Depths:5)
  the Enchantress (Depths:1)
  8 golden dragons
  2 bone dragons (Depths:5)
  3 tentacled monstrosities
  Asterion (Depths:1)
  10 titans
  3 liches
  A deep elf blademaster (Elf:3)
  2 quicksilver dragons
  2 deep elf master archers (Elf:3)
  2 tentacled starspawn
  25 acid blobs
  A sphinx (Depths:2)
  4 thorn hunters
  6 shadow dragons
  7 storm dragons
  14 tengu reavers
  15 nagarajas
  A draconian monk (Depths:5)
  10 fire giants
  The ghost of Xiguana the Thaumaturge, a journeyman GnSk of Vehumet (Swamp:1)
  12 azure jellies
  9 deep elf sorcerers
  10 frost giants
  An iron dragon (Depths:3)
  4 orc warlords
  14 vault wardens
  16 ironheart preservers
  5 spriggan defenders
  3 deep elf elementalists (Elf:3)
  5 entropy weavers
  A war gargoyle (Vaults:3)
  2 vampire knights
  13 stone giants
  29 very ugly things
  8 deep elf demonologists
  A purple draconian (Depths:5)
  A yellow draconian (Depths:5)
  Azrael (Elf:2)
  9 deep elf annihilators
  A white draconian (Depths:5)
  Snorg (Lair:6)
  A blizzard demon (Abyss:2)
  A white draconian (shapeshifter) (Vaults:3)
  2 pearl dragon zombies (Depths:5)
  10 deep elf death magi
  7 fire dragons
  4 spark wasps (Depths:2)
  A minotaur (Lab)
  14 ettins
  7 death oozes (Slime:5)
  11 great orbs of eyes
  20 yaktaur captains
  17 ogre magi
  14 deep elf high priests
  11 naga warriors
  7 rakshasas
  A ghost crab (Swamp:1)
  9 ice dragons
  33 vault guards
  7 anacondas
  9 spriggan air magi
  10 centaur warriors
  18 hydras
  Erica (D:8)
  A catoblepas (Lair:6)
  3 death knights
  5 alligators
  11 deep troll shamans
  A queen ant (Lair:6)
  48 two-headed ogres
  4 death yaks
  10 deep troll earth magi
  9 naga sharpshooters
  3 orc high priests
  3 hell hogs (Depths:5)
  3 vampire magi
  A thrashing horror (Abyss:2)
  6 shock serpents
  4 tengu warriors
  22 hell knights
  8 spriggan berserkers
  4 iron trolls
  19 deep elf knights
  A shadow wraith (Vaults:4)
  A skeletal warrior (D:13)
  A spatial maelstrom (Abyss:2)
  3 salamander mystics
  4 wretched stars (Abyss:2)
  A storm dragon skeleton (Vaults:3)
  3 unseen horrors
  4 glowing orange brains
  13 swamp dragons
  A spriggan druid (Swamp:3)
  44 deep trolls
  5 wizards
  2 starcursed masses (Abyss:2)
  5 flayed ghosts
  8 naga ritualists
  10 sea snakes (Snake:4)
  A wolf spider zombie (Vaults:1)
  5 shambling mangroves
  15 ironbrand convokers
  A mana viper (shapeshifter) (Elf:3)
  3 phantasmal warriors
  8 necromancers
  A sphinx zombie (Vaults:3)
  A lindwurm (Lair:4)
  A harpy (Vaults:3)
  69 deep elf magi
  3 orb spiders
  5 orc sorcerers
  23 deep elf archers
  3 wolf spiders
  3 mana vipers
  A frost giant zombie (Depths:1)
  57 ugly things
  19 orc knights
  2 worldbinders
  3 shining eyes
  3 manticores
  7 salamanders
  7 guardian serpents
  6 elephants (Lair:6)
  8 cyclopes
  A centaur zombie (D:14)
  9 large abominations
  4 apis skeletons (Depths:5)
  An apocalypse crab (Abyss:2)
  A frost giant skeleton (Vaults:5)
  21 vault sentinels
  Joseph (D:7)
  28 black mambas
  2 smoke demons
  33 spiny frogs
  3 molten gargoyles (Depths:4)
  An ice statue (Zig:1)
  5 gargoyles
  10 naga magi
  4 eyes of devastation
  The ghost of 4thArraOfDagon the Covert, a novice SpSu of Dithmenos (D:7)
  2 orange demons
  2 human zombies (Vaults:3)
  A spiny frog (shapeshifter) (Vaults:3)
  An elf zombie (Depths:1)
  4 tengu conjurers
  2 rime drakes
  7 komodo dragons
  4 freezing wraiths
  A demonic crawler (Zig:3)
  40 yaktaurs
  4 ancient zymes (Abyss:3)
  A hellwing (Abyss:2)
  4 polar bears
  2 jumping spiders
  A queen bee (Lair:3)
  3 trolls
  A polar bear (shapeshifter) (Vaults:3)
  3 wind drakes (Depths:4)
  21 hornets
  16 blink frogs
  118 slime creatures
  3 bog bodies
  2 ettin zombies
  9 tyrant leeches
  9 raiju
  A stone giant simulacrum (Vaults:3)
  A wind drake (shapeshifter) (Vaults:3)
  12 hippogriffs
  5 dream sheep (Lair:6)
  A dream sheep (shapeshifter) (Depths:2)
  13 air elementals
  2 redbacks (Vaults:2)
  A spriggan (shapeshifter) (Vaults:3)
  A shadow (Swamp:3)
  A wyvern (D:14)
  16 spriggans
  5 water elementals
  A basilisk (shapeshifter) (Vaults:4)
  A yak (shapeshifter) (Vaults:4)
  A fire bat (Abyss:2)
  An ettin skeleton (Depths:1)
  3 wraiths
  5 basilisks
  A hog (shapeshifter) (Vaults:3)
  39 yaks
  A human (shapeshifter) (Depths:2)
  A human (D:11)
  A chaos spawn (Abyss:3)
  A neqoxec (Zig:1)
  8 fire elementals
  The ghost of confidenceinterval the Ruffian, an amateur DrTm (D:3)
  An elf skeleton (Vaults:5)
  5 wargs
  2 hungry ghosts
  A human simulacrum (Vaults:3)
  20 vampire mosquitoes
  7 insubstantial wisps
  44 nagas
  9 swamp worms
  7 hell hounds
  A soldier ant (shapeshifter) (Vaults:1)
  26 soldier ants
  An acid dragon (Vaults:1)
  8 water moccasins
  4 porcupines
  56 orc warriors
  9 swamp drakes
  A spiny frog skeleton (Abyss:2)
  An ettin simulacrum (Vaults:3)
  2 phantoms
  2 sky beasts
  4 ice beasts
  A tengu (shapeshifter) (D:14)
  34 ogres
  14 boggarts
  6 eyes of draining
  15 centaurs
  8 wolves
  12 crocodiles
  4 human skeletons
  6 big kobolds
  Blork the orc (D:4)
  35 bullfrogs
  6 earth elementals
  2 wyvern skeletons (D:13)
  6 small abominations
  31 killer bees
  5 crimson imps
  A lava snake (Elf:3)
  6 bullfrog zombies
  23 orc priests
  3 hounds
  A jelly (D:11)
  5 centaur skeletons
  3 quasits
  30 orc wizards
  2 bullfrog skeletons
  8 iguanas
  2 iron imps
  Natasha (D:2)
  23 worker ants
  A hound zombie (D:6)
  A howler monkey zombie (D:10)
  4 gnolls (D:6)
  17 adders
  A river rat (Sewer)
  4 shadow imps
  A white imp (Abyss:3)
  An ufetubus (Abyss:3)
  4 oozes
  An adder zombie (D:8)
  9 worms
  2 dart slugs
  7 leopard geckos
  147 orcs
  3 giant cockroaches
  11 goblins
  5 hobgoblins
  5 jackals
  17 kobolds
  2 quokkas
  8 ball pythons
  7 bats
  6 frilled lizards
  A jackal skeleton (D:4)
  A leopard gecko zombie (D:5)
  A quokka zombie (D:5)
  5 rats (Sewer)
  3 fire vortices (Depths:4)
2315 creatures vanquished.

Vanquished Creatures (collateral kills)
  A deep elf blademaster (Elf:3)
  An anaconda (Snake:2)
  An orc high priest (Orc:2)
  A salamander (Snake:2)
  2 nagas (Snake:2)
  An orc warrior (D:7)
  2 howler monkeys (D:7)
  An orc wizard (Orc:2)
  3 orcs (Orc:2)
13 creatures vanquished.

Vanquished Creatures (others)
  A fire giant (Depths:4)
  A deep elf elementalist (Vaults:5)
  A vampire knight (Depths:3)
  A green death (Zig:1)
  A hydra (Swamp:4)
  29 dancing weapons
  A tengu warrior (Depths:4)
  2 deep elf magi (Elf:3)
  A human zombie (Vaults:3)
  An air elemental (Depths:5)
  An ice beast (shapeshifter) (Elf:3)
  A swamp drake (Swamp:4)
  An ogre (Depths:4)
  An orc wizard (Vaults:1)
  7 briar patches (Depths:4)
  6 bushes
  2 demonic plants (Abyss:3)
  25 fungi (Lair:6)
  67 plants (Lair:6)
  15 spectral weapons
  8 starspawn tentacles
  4 tentacles (Abyss:3)
177 creatures vanquished.

Grand Total: 2505 creatures vanquished

Notes
Turn   | Place    | Note
-------+----------+-------------------------------------------
     0 | D:1      | 4thArraOfDagon the Halfling Wanderer began the quest for the Orb.
     0 | D:1      | 4thArraOfDagon set off with: a phial of floods, a scroll of teleportation, a +0 short sword, a +0 robe, a +0 dagger, a bread ration
     0 | D:1      | Reached XP level 1. HP: 15/15 MP: 1/1
    46 | D:1      | Reached skill level 5 in Short Blades
   101 | D:1      | Reached XP level 2. HP: 19/20 MP: 2/2
   277 | D:2      | Found an opulent altar of Gozag.
   288 | D:2      | Became a worshipper of Gozag Ym Sagoz the Greedy
   387 | D:1      | Reached skill level 1 in Dodging
   415 | D:1      | Reached XP level 3. HP: 21/25 MP: 3/3
   964 | D:2      | Noticed Natasha
  1009 | D:2      | Killed Natasha
  1009 | D:2      | Reached skill level 6 in Short Blades
  1009 | D:2      | Reached XP level 4. HP: 14/31 MP: 4/4
  1335 | D:3      | Noticed confidenceinterval's ghost (amateur DrTm)
  1480 | D:3      | Found a bloodstained altar of Trog.
  1526 | D:3      | Reached XP level 5. HP: 31/36 MP: 5/5
  1755 | D:3      | Killed confidenceinterval's ghost
  1755 | D:3      | Reached skill level 7 in Short Blades
  2012 | D:3      | Found a sparkling altar of Nemelex Xobeh.
  2128 | D:4      | Reached XP level 6. HP: 42/42 MP: 6/6
  2285 | D:4      | Noticed Blork the orc
  2300 | D:5      | Entered Level 5 of the Dungeon
  2300 | D:5      | Noticed a phantom
  2437 | D:5      | Found a glowing drain.
  2457 | Sewer    | Entered a sewer
  2908 | Sewer    | Reached skill level 8 in Short Blades
  2908 | Sewer    | Reached XP level 7. HP: 38/46 MP: 5/7
  3375 | D:5      | Reached skill level 5 in Dodging
  3571 | D:4      | Got a dazzling rapier
  3572 | D:4      | Identified the +3 rapier of Daarumn {drain, *Drain Int+3 Dex+5} (You found it on level 4 of the Dungeon)
  3637 | D:4      | Killed Blork the orc
  3639 | D:4      | Reached XP level 8. HP: 31/52 MP: 3/8
  3822 | D:5      | Got a fine rapier
  3834 | D:5      | Identified the +1 rapier of Reason {pierce, *Slow Fragile Int+8} (You found it on level 5 of the Dungeon)
  3851 | D:5      | Reached skill level 9 in Short Blades
  3960 | D:5      | Found a hazy altar of Hepliaklqana.
  4062 | D:6      | Found a deep blue altar of Sif Muna.
  4063 | D:6      | Found a sacrificial altar of Ru.
  4063 | D:6      | Found a basalt altar of Yredelemnul.
  4063 | D:6      | Found a blossoming altar of Fedhas.
  4064 | D:6      | Found a hide-covered altar of Uskayaw.
  4066 | D:6      | Found a shadowy altar of Dithmenos.
  4206 | D:6      | Reached skill level 10 in Short Blades
  4211 | D:6      | Reached XP level 9. HP: 50/59 MP: 6/9
  4398 | D:6      | Found a staircase to the Ecumenical Temple.
  4545 | D:7      | Reached skill level 5 in Fighting
  4570 | D:7      | Noticed 4thArraOfDagon's ghost (novice SpSu)
  4582 | D:7      | Killed 4thArraOfDagon's ghost
  4582 | D:7      | Reached skill level 11 in Short Blades
  4638 | D:7      | Noticed Joseph
  4842 | D:7      | Reached XP level 10. HP: 38/68 MP: 5/10
  4933 | D:7      | Killed Joseph
  4933 | D:7      | Reached skill level 12 in Short Blades
  5091 | D:8      | Found an opulent altar of Gozag.
  5217 | D:8      | Noticed a two-headed ogre
  5224 | D:8      | Killed a two-headed ogre
  5449 | D:8      | Reached skill level 13 in Short Blades
  5449 | D:8      | Reached skill level 1 in Armour
  5454 | D:8      | Noticed Erica
  5477 | D:8      | Killed Erica
  5515 | D:8      | HP: 2/69 [ogre/giant club (23)]
  5650 | D:8      | Found Qythrom's Book Emporium.
  5707 | D:8      | Reached skill level 1 in Long Blades
  5883 | D:8      | Reached XP level 11. HP: 70/74 MP: 9/11
  6067 | D:9      | Found an ornate altar of the Wu Jian Council.
  6273 | D:9      | Found a staircase to the Orcish Mines.
  6336 | D:10     | Entered Level 10 of the Dungeon
  6672 | D:10     | Noticed a two-headed ogre
  6796 | D:11     | Found Geph's Food Boutique.
  6834 | D:11     | Killed an unseen horror
  6875 | D:11     | Noticed a deep elf mage
  6892 | D:11     | Killed a deep elf mage
  6969 | D:11     | Found Pisim's Distillery.
  6977 | D:11     | Bought a potion of heal wounds for 50 gold pieces
  6977 | D:11     | Bought a potion of might for 40 gold pieces
  6977 | D:11     | Bought a potion of mutation for 80 gold pieces
  6977 | D:11     | Bought a potion of brilliance for 40 gold pieces
  6977 | D:11     | Bought a potion of magic for 80 gold pieces
  6977 | D:11     | Bought a potion of haste for 100 gold pieces
  6977 | D:11     | Bought a potion of berserk rage for 50 gold pieces
  6977 | D:11     | Bought a potion of agility for 40 gold pieces
  6977 | D:11     | Bought a potion of resistance for 100 gold pieces
  6977 | D:11     | Bought a potion of resistance for 100 gold pieces
  7141 | D:11     | Reached skill level 5 in Long Blades
  7245 | D:11     | Found a staircase to the Lair.
  7299 | D:10     | Reached skill level 10 in Dodging
  7520 | D:11     | Noticed a manticore
  7520 | D:11     | Noticed a five-headed hydra
  7522 | D:11     | Found Cebam's Armour Shop.
  7544 | D:11     | Killed a five-headed hydra
  7552 | D:11     | Killed a manticore
  7552 | D:11     | Reached skill level 5 in Armour
  7699 | D:11     | Found Vieloqeh's Assorted Antiques.
  7702 | D:11     | Bought 2 smoky coppery potions for 59 gold pieces
  7823 | D:11     | Found Soomur's Magic Scroll Shoppe.
  7828 | D:11     | Bought a scroll of enchant weapon for 112 gold pieces
  7828 | D:11     | Bought a scroll of brand weapon for 300 gold pieces
  7828 | D:11     | Bought a scroll of enchant armour for 112 gold pieces
  7828 | D:11     | Bought a scroll of identify for 30 gold pieces
  7828 | D:11     | Bought a scroll of recharging for 142 gold pieces
  7828 | D:11     | Bought a scroll of blinking for 112 gold pieces
  7828 | D:11     | Bought a scroll of noise for 15 gold pieces
  7917 | D:12     | Found a labyrinth entrance.
  7925 | D:12     | Noticed a two-headed ogre
  7941 | D:12     | Killed a two-headed ogre
  7941 | D:12     | Reached XP level 12. HP: 62/82 MP: 8/12
  8009 | Lab      | Entered a labyrinth
  8177 | Lab      | Noticed a minotaur
  8187 | Lab      | Killed a minotaur
  8187 | Lab      | Reached skill level 14 in Short Blades
  8672 | D:13     | Found a flagged portal.
  8677 | Bailey   | Entered a bailey
  8773 | Bailey   | Found a burning altar of Makhleb.
  9109 | D:13     | Reached skill level 15 in Short Blades
  9156 | D:13     | Noticed a two-headed ogre
  9170 | D:13     | Killed a two-headed ogre
  9304 | D:14     | Killed an unseen horror
  9318 | D:14     | Noticed a death knight
  9366 | D:14     | Reached XP level 13. HP: 82/90 MP: 11/13
  9386 | D:15     | Entered Level 15 of the Dungeon
  9386 | D:15     | Noticed an ogre mage
  9395 | D:14     | Killed an ogre mage
  9443 | D:14     | Noticed a centaur warrior
  9465 | D:14     | Killed a centaur warrior
  9836 | D:14     | Noticed a centaur warrior
  9846 | D:14     | Killed a centaur warrior
  9846 | D:14     | Reached skill level 16 in Short Blades
 10195 | D:14     | Noticed an eight-headed hydra
 10405 | Orc:1    | Entered Level 1 of the Orcish Mines
 10608 | Orc:1    | You fall through a shaft!
 10608 | Orc:2    | Entered Level 2 of the Orcish Mines
 10609 | Orc:2    | :(
 10754 | Orc:2    | Found a roughly hewn altar of Beogh.
 10797 | Orc:2    | Found a roughly hewn altar of Beogh.
 10908 | Orc:2    | Found Unwucono's Antique Armour Boutique.
 10919 | Orc:2    | Bought a dazzling plate armour for 952 gold pieces
 10919 | Orc:2    | Identified the +5 plate armour "Awuluneus" {rF- Str+3 Dex+9} (You bought it in a shop on level 2 of the Orcish Mines)
 10920 | Orc:2    | :/
 11065 | Orc:2    | Found a roughly hewn altar of Beogh.
 11082 | Orc:2    | Found a staircase to the Elven Halls.
 11168 | Orc:2    | Found a roughly hewn altar of Beogh.
 11526 | Orc:2    | Found a roughly hewn altar of Beogh.
 11584 | Orc:2    | Found a roughly hewn altar of Beogh.
 11726 | Orc:2    | Found a roughly hewn altar of Beogh.
 11835 | Orc:2    | Found a roughly hewn altar of Beogh.
 11835 | Orc:2    | Found Gokhaang's Antique Armour Emporium.
 11968 | Orc:2    | Noticed an orc warlord
 11982 | Orc:2    | Killed an orc warlord
 11982 | Orc:2    | Reached skill level 10 in Fighting
 12138 | Orc:2    | Noticed an orc warlord
 12165 | Orc:2    | Killed an orc warlord
 12165 | Orc:2    | Reached XP level 14. HP: 78/99 MP: 11/14
 12181 | Orc:2    | Found Xoejy's Antique Weapon Emporium.
 12183 | Orc:2    | Found a roughly hewn altar of Beogh.
 12186 | Orc:2    | Found Irue's Antique Armour Shoppe.
 12191 | Orc:2    | Bought a pair of runed boots for 195 gold pieces
 12211 | Orc:2    | Bought a polished broad axe for 216 gold pieces
 12211 | Orc:2    | Identified the +2 broad axe of Salleysog {chop, rElec rC- Int+4 Dex+3} (You bought it in a shop on level 2 of the Orcish Mines)
 12367 | Lair:1   | Entered Level 1 of the Lair of Beasts
 12415 | Lair:1   | Reached skill level 17 in Short Blades
 12753 | Lair:1   | wow
 12954 | Lair:2   | Got a heavy robe
 12955 | Lair:2   | Identified the +1 robe of Naucacio {*Corrode +Blink Str+5 Dex+3} (You found it on level 2 of the Lair of Beasts)
 12980 | Lair:2   | Found a staircase to the Snake Pit.
 13881 | Lair:4   | Found a staircase to the Swamp.
 14124 | Lair:4   | Learned a level 1 spell: Apportation
 14612 | Lair:6   | Entered Level 6 of the Lair of Beasts
 14686 | Lair:6   | Reached skill level 18 in Short Blades
 14722 | Lair:6   | Reached XP level 15. HP: 21/105 MP: 3/15
 14732 | Lair:6   | Reached skill level 10 in Armour
 15619 | Lair:6   | Found a staircase to the Slime Pits.
 15659 | Lair:6   | Noticed Snorg
 15700 | Lair:6   | Killed Snorg
 16157 | Lair:6   | Reached skill level 19 in Short Blades
 16193 | Lair:6   | Got a warped granite ring
 16204 | Lair:6   | Identified the ring of Pirhetrat {rElec rF+++ Str-4 Stlth+} (You found it on level 6 of the Lair of Beasts)
 16561 | Elf:1    | Entered Level 1 of the Elven Halls
 16599 | Elf:1    | Found a radiant altar of Vehumet.
 16735 | Elf:1    | Found Cuiqi's Food Shoppe.
 16915 | Elf:1    | Reached XP level 16. HP: 89/113 MP: 12/16
 17069 | Elf:1    | Noticed a deep elf sorcerer
 17086 | Elf:1    | Killed a deep elf sorcerer
 17605 | Elf:2    | Noticed Azrael
 18046 | Elf:3    | Entered Level 3 of the Elven Halls
 18059 | Elf:3    | Found Jesteen's Book Emporium.
 18382 | Elf:2    | Killed Azrael
 18624 | Elf:3    | Reached skill level 1 in Spellcasting
 19002 | Elf:3    | UHHH
 19716 | Elf:3    | Found Umacumea's Elven Fire.
 19938 | Elf:3    | Learned a level 3 spell: Regeneration
 19941 | Elf:3    | Learned a level 2 spell: Song of Slaying
 19945 | Elf:3    | Learned a level 3 spell: Spectral Weapon
 20541 | Elf:3    | Reached skill level 20 in Short Blades
 20541 | Elf:3    | Reached XP level 17. HP: 99/119 MP: 14/20
 20611 | Elf:3    | :(
 20616 | Elf:3    | :(
 20624 | Elf:3    | :(
 20646 | Elf:3    | Bought the Disquisition on Dark Transmigration for 1022 gold pieces
 20653 | Elf:3    | Learned a level 6 spell: Statue Form
 20755 | Elf:3    | Cast into level 3 of the Abyss (a deep elf demonologist)
 20791 | Abyss:3  | Noticed a tentacled starspawn
 20802 | Abyss:3  | Got an ancient ring mail
 20881 | Abyss:3  | Found a corrupted altar of Lugonu.
 20911 | Abyss:3  | Reached skill level 1 in Earth Magic
 21000 | Abyss:3  | Noticed a kraken
 21092 | Abyss:3  | Noticed a tentacled starspawn
 21123 | Abyss:3  | Killed a tentacled starspawn
 21123 | Abyss:3  | Reached skill level 1 in Transmutations
 21166 | Abyss:3  | Found a corrupted altar of Lugonu.
 21276 | Abyss:3  | Noticed a tentacled starspawn
 21283 | Abyss:3  | Noticed a bone dragon
 21390 | Abyss:3  | Noticed a tentacled starspawn
 21401 | Abyss:3  | Found an ornate altar of the Wu Jian Council.
 21420 | Abyss:3  | Found an ornate altar of the Wu Jian Council.
 21480 | Abyss:3  | Noticed a bone dragon
 21600 | Elf:3    | Escaped the Abyss
 21997 | Elf:3    | Noticed a Tzitzimitl
 22001 | Elf:3    | Noticed a Brimstone Fiend
 22434 | Elf:3    | Noticed a deep elf blademaster
 22434 | Elf:3    | OHHH
 22449 | Elf:3    | Killed a deep elf blademaster
 22705 | Elf:3    | Reached skill level 5 in Earth Magic
 22731 | Elf:3    | Got a scorched bronze amulet
 22732 | Elf:3    | Identified the amulet of Keywujutox {Reflect Int+6 SH+3} (You took it off a deep elf elementalist on level 3 of the Elven Halls)
 22814 | Elf:3    | Cast into level 2 of the Abyss (a deep elf sorcerer)
 23000 | Elf:3    | Escaped the Abyss
 23131 | Elf:3    | Identified the +5 ring mail of the Peculiar Mice {Dex+4} (You found it on level 3 of the Abyss)
 23315 | Elf:3    | Noticed a deep elf master archer
 23343 | Elf:3    | Killed a deep elf master archer
 23371 | Elf:3    | Got a slimy robe
 23401 | Elf:3    | Identified the +2 robe of the World {+Blink rElec Int+5 Stlth-} (You took it off a deep elf high priest on level 3 of the Elven Halls)
 23647 | Elf:3    | Got a scorched leather armour
 23729 | Elf:3    | Noticed a deep elf blademaster
 23758 | Elf:3    | Killed a deep elf blademaster
 23761 | Elf:3    | Identified the cursed +1 robe of the Peculiar Songs {Dex+2} (You took it off a deep elf blademaster on level 3 of the Elven Halls)
 23802 | Elf:3    | Reached XP level 18. HP: 125/125 MP: 19/25
 23826 | Elf:3    | Noticed a deep elf master archer
 23842 | Elf:3    | Killed a deep elf master archer
 24131 | Elf:3    | Identified the +0 leather armour of Disappointment {+Inv MR+} (You took it off a deep elf high priest on level 3 of the Elven Halls)
 24197 | Elf:3    | Identified the Catalogue of Dislocated Confrontation
 24313 | Elf:3    | Reached skill level 5 in Transmutations
 24813 | Elf:3    | Reached skill level 5 in Spellcasting
 25582 | Elf:2    | Found a runed gate.
 25582 | Elf:2    | Found a runed gate.
 25582 | Elf:2    | Found a runed gate.
 26868 | Swamp:1  | Entered Level 1 of the Swamp
 26868 | Swamp:1  | Noticed Xiguana's ghost (journeyman GnSk)
 27256 | Swamp:2  | Reached XP level 19. HP: 130/130 MP: 21/28
 27306 | Swamp:3  | Reached skill level 10 in Earth Magic
 27395 | Swamp:4  | Entered Level 4 of the Swamp
 28220 | Swamp:4  | Reached skill level 1 in Charms
 28238 | Swamp:4  | Reached skill level 1 in Necromancy
 28526 | Swamp:4  | Noticed the 27-headed Lernaean hydra
 28681 | Swamp:4  | Killed the 27-headed Lernaean hydra
 28750 | Swamp:4  | Got a decaying rune of Zot
 29348 | Swamp:1  | Killed Xiguana's ghost
 29690 | Snake:1  | Entered Level 1 of the Snake Pit
 29791 | Snake:1  | Reached skill level 5 in Charms
 29859 | Snake:1  | Identified the +7 plate armour of Rypt {+Blink rF+ Dex-4} (You found it on level 1 of the Snake Pit)
 30030 | Snake:2  | Found a transporter.
 30036 | Snake:2  | Reached XP level 20. HP: 136/136 MP: 23/30
 30067 | Snake:2  | Found a deep blue altar of Sif Muna.
 30240 | Snake:2  | Found a transporter.
 31064 | Snake:3  | Reached skill level 5 in Stealth
 31122 | Snake:3  | Learned a level 2 spell: Passwall
 31128 | Snake:3  | Learned a level 5 spell: Lee's Rapid Deconstruction
 31398 | Snake:4  | Entered Level 4 of the Snake Pit
 31398 | Snake:4  | Found Rynypnogg's Book Emporium.
 31573 | Snake:4  | Found Dirup's Gadget Emporium.
 31575 | Snake:4  | Found Kioruyc's Jewellery Boutique.
 31576 | Snake:4  | Found Suivvahu's Gadget Emporium.
 31583 | Snake:4  | Bought the ring of Sovereignty {rN++ AC+5 Str-3 Stlth+} for 1173 gold pieces
 31591 | Snake:4  | Bought a wand of digging (11/24) for 420 gold pieces
 31733 | Snake:4  | Found Hutorul's Antique Armour Shoppe.
 31748 | Snake:4  | Bought a translucent chain mail for 313 gold pieces
 31748 | Snake:4  | Identified the +3 chain mail "Hilistra" {MR+ Int+3 Slay+2} (You bought it in a shop on level 4 of the Snake Pit)
 31850 | Snake:4  | Found Qicuxeah's General Store.
 31919 | Snake:4  | Bought a scroll of identify for 24 gold pieces
 32346 | Snake:4  | Reached XP level 21. HP: 144/144 MP: 23/34
 32597 | Snake:4  | Reached skill level 10 in Stealth
 32711 | Snake:4  | Got a serpentine rune of Zot
 32764 | Snake:4  | Reached skill level 15 in Dodging
 32978 | Slime:1  | Entered Level 1 of the Pits of Slime
 33243 | Lair:6   | Reached skill level 21 in Short Blades
 34483 | Slime:5  | Entered Level 5 of the Pits of Slime
 34923 | Slime:5  | Paralysed by a great orb of eyes for 4 turns
 34929 | Slime:5  | Gained mutation: You tend to lose your temper in combat. [a shining eye]
 35108 | Slime:5  | Found a viscous altar of Jiyva.
 35109 | Slime:5  | Noticed the Royal Jelly
 35161 | Slime:5  | Killed the Royal Jelly
 35161 | Slime:5  | Reached XP level 22. HP: 47/152 MP: 20/35
 35188 | Slime:4  | Lost mutation: You tend to lose your temper in combat. [potion of mutation]
 35188 | Slime:4  | Gained mutation: You are partially covered in iridescent scales. (AC +2) [potion of mutation]
 35188 | Slime:4  | Gained mutation: You have sharp toenails. [potion of mutation]
 35188 | Slime:4  | Gained mutation: You are mostly covered in iridescent scales. (AC +4) [potion of mutation]
 35795 | Slime:5  | Reached skill level 15 in Stealth
 35927 | Slime:5  | Identified the Collected Works on Mutagenic Intoxication
 35935 | Slime:5  | Got a slimy rune of Zot
 35945 | Slime:5  | Identified the Guide on Cankerous Creation
 35976 | Slime:5  | Identified the +1 chain mail "Xoops" {rElec Str+3 Slay-4} (You found it on level 5 of the Pits of Slime)
 35980 | Slime:5  | Identified the Papyrus of the Glacier and the Escort
 35990 | Slime:5  | Identified the amulet "Paegil" {Inacc Fragile rF+ Str+4 Int+6} (You found it on level 5 of the Pits of Slime)
 36008 | Slime:5  | Identified the +1 pair of gloves of Beauty {rF+ rCorr Int+2 Dex-5} (You found it on level 5 of the Pits of Slime)
 36034 | Slime:5  | Reached skill level 22 in Short Blades
 36045 | Slime:5  | Gained mutation: Armour fits poorly on your strangely shaped body. [a shining eye]
 36049 | Slime:5  | Gained mutation: You tend to lose your temper in combat. [a shining eye]
 36075 | Slime:5  | Lost mutation: You are mostly covered in iridescent scales. (AC +4) [potion of mutation]
 36075 | Slime:5  | Lost mutation: You have sharp toenails. [potion of mutation]
 36075 | Slime:5  | Gained mutation: You are resistant to hostile enchantments. (MR+) [potion of mutation]
 36353 | D:13     | Found a gate to the Vaults.
 36556 | Vaults:1 | Entered Level 1 of the Vaults
 37998 | Vaults:1 | Reached XP level 23. HP: 144/157 MP: 20/36
 38821 | Vaults:2 | Found a staircase to the Crypt.
 38821 | Vaults:2 | Found a basalt altar of Yredelemnul.
 38822 | Vaults:2 | Found an ancient bone altar of Kikubaaqudgha.
 38887 | Vaults:2 | You fall through a shaft for 2 floors!
 38969 | Vaults:4 | Reached skill level 23 in Short Blades
 39084 | Vaults:4 | Cast into level 2 of the Abyss (ogre mage)
 39320 | Abyss:2  | Identified the cursed +0 robe of Ochibrou {-Cast +Inv rCorr Str-2} (You found it on level 2 of the Abyss)
 39696 | Abyss:2  | Identified the cursed +0 plate armour of Intercession {rC+} (You found it on level 2 of the Abyss)
 39779 | Abyss:2  | Reached skill level 1 in Translocations
 39786 | Vaults:4 | Escaped the Abyss
 40008 | Vaults:3 | Upgraded the game from 0.21-a0-372-gd0ff781 to 0.21-a0-380-gd65dc97
 40218 | Vaults:3 | Identified a scroll of acquirement
 40312 | Vaults:3 | Found a shimmering altar of Xom.
 40558 | Vaults:3 | Reached skill level 5 in Translocations
 40628 | Vaults:3 | Found Vuerghemm's Weapon Emporium.
 40735 | Vaults:3 | Bought the +8 scimitar of the Evil Eye {freeze, rElec Str+2} for 1373 gold pieces
 40846 | Vaults:3 | Reached XP level 24. HP: 165/165 MP: 28/36
 41776 | Vaults:4 | Reached skill level 24 in Short Blades
 42106 | Vaults:5 | Entered Level 5 of the Vaults
 42106 | Vaults:5 | Noticed a golden dragon
 42111 | Vaults:5 | Killed a golden dragon
 42144 | Vaults:5 | Lost mutation: You are resistant to hostile enchantments. (MR+) [potion of mutation]
 42144 | Vaults:5 | Lost mutation: You tend to lose your temper in combat. [potion of mutation]
 42144 | Vaults:5 | Lost mutation: Armour fits poorly on your strangely shaped body. [potion of mutation]
 42144 | Vaults:5 | Lost mutation: You are partially covered in iridescent scales. (AC +2) [potion of mutation]
 42144 | Vaults:5 | Gained mutation: You are resistant to electric shocks. (rElec) [potion of mutation]
 42144 | Vaults:5 | Gained mutation: You are robust. (+10% HP) [potion of mutation]
 42305 | Vaults:5 | Found Pyonanam's Distillery.
 42369 | Vaults:5 | Bought a potion of mutation for 152 gold pieces
 42369 | Vaults:5 | Bought a potion of berserk rage for 95 gold pieces
 42369 | Vaults:5 | Bought a potion of mutation for 152 gold pieces
 42369 | Vaults:5 | Bought a potion of ambrosia for 152 gold pieces
 42369 | Vaults:5 | Bought a potion of resistance for 190 gold pieces
 42369 | Vaults:5 | Bought a potion of heal wounds for 95 gold pieces
 42369 | Vaults:5 | Bought a potion of curing for 57 gold pieces
 42369 | Vaults:5 | Bought a potion of might for 76 gold pieces
 42369 | Vaults:5 | Bought a potion of heal wounds for 95 gold pieces
 42369 | Vaults:5 | Bought a potion of invisibility for 152 gold pieces
 42472 | Vaults:5 | Reached skill level 25 in Short Blades
 42493 | Vaults:5 | Reached XP level 25. HP: 131/187 MP: 15/36
 42651 | Vaults:5 | Found Yclixiust's Food Emporium.
 42670 | Vaults:5 | Bought a bread ration for 60 gold pieces
 42670 | Vaults:5 | Bought a bread ration for 60 gold pieces
 42670 | Vaults:5 | Bought a royal jelly for 24 gold pieces
 42670 | Vaults:5 | Bought a meat ration for 60 gold pieces
 42670 | Vaults:5 | Bought a meat ration for 60 gold pieces
 42670 | Vaults:5 | Bought a bread ration for 60 gold pieces
 42670 | Vaults:5 | Bought a meat ration for 60 gold pieces
 42670 | Vaults:5 | Bought a fruit for 18 gold pieces
 42670 | Vaults:5 | Bought 4 fruits for 72 gold pieces
 42680 | Vaults:5 | Found Yjutey's Distillery.
 42684 | Vaults:5 | Bought a potion of cancellation for 104 gold pieces
 42684 | Vaults:5 | Bought 2 potions of haste for 260 gold pieces
 42684 | Vaults:5 | Bought a potion of curing for 39 gold pieces
 42684 | Vaults:5 | Bought a potion of brilliance for 52 gold pieces
 42684 | Vaults:5 | Bought a potion of agility for 52 gold pieces
 42684 | Vaults:5 | Bought a potion of curing for 39 gold pieces
 42684 | Vaults:5 | Bought a potion of curing for 39 gold pieces
 42737 | Vaults:5 | Got a silver rune of Zot
 42963 | Vaults:5 | Noticed an ancient lich
 42988 | Vaults:5 | Killed an ancient lich
 43126 | Vaults:5 | Reached skill level 1 in Shields
 43355 | Vaults:5 | Reached skill level 5 in Shields
 43716 | Vaults:5 | Found Pomihis's Gadget Shop.
 43727 | Vaults:5 | Identified the Tome of Feathers
 43731 | Vaults:5 | Learned a level 2 spell: Swiftness
 43916 | Vaults:5 | Reached skill level 10 in Shields
 43928 | Vaults:5 | Reached XP level 26. HP: 104/195 MP: 4/36
 44248 | Vaults:5 | Found Sukhol's Jewellery Shop.
 44462 | Vaults:5 | Found Jogimit's Armour Boutique.
 45613 | D:15     | Found a staircase to the Depths.
 45646 | Depths:1 | Entered Level 1 of the Depths
 46062 | Depths:1 | Learned a level 6 spell: Iron Shot
 46101 | Depths:1 | Noticed Asterion
 46144 | Depths:1 | Noticed the Enchantress
 46161 | Depths:1 | Killed the Enchantress
 46163 | Depths:1 | Identified the +3 faerie dragon scales {+Inv rElec rCorr Str-4} (You took it off the Enchantress on level 1 of the Depths)
 46185 | Depths:1 | Reached skill level 10 in Spellcasting
 46185 | Depths:1 | Reached skill level 10 in Translocations
 46335 | Depths:1 | Killed Asterion
 46478 | Depths:1 | Identified the Disquisition on Blistering Clay
 46737 | Depths:2 | Noticed a juggernaut
 46766 | Depths:2 | Killed a juggernaut
 46820 | Depths:2 | HP: 11/253 [tentacled monstrosity (9)]
 46851 | Depths:2 | Reached XP level 27. HP: 71/201 MP: 0/37
 47324 | Depths:2 | Found a gateway to Hell.
 47674 | Depths:3 | Found a one-way gate to the infinite horrors of the Abyss.
 48107 | Depths:3 | Noticed a juggernaut
 48132 | Depths:3 | Killed a juggernaut
 48433 | Depths:3 | Noticed a juggernaut
 48434 | Depths:3 | Found the ring of the Octopus King
 48549 | Depths:3 | HP: 13/262 [tengu reaver/great sword (10)]
 48599 | Depths:3 | Bought the ring of Dokhlih {EV+5 Slay+3} for 1119 gold pieces
 48605 | Depths:3 | Bought the +0 pair of fencer's gloves {+Riposte Dex+3} for 1640 gold pieces
 48605 | Depths:3 | Bought encrusted gold dragon scales for 3485 gold pieces
 48605 | Depths:3 | Bought an ichor-stained plate armour for 1148 gold pieces
 48605 | Depths:3 | Bought a slimy helmet for 389 gold pieces
 48605 | Depths:3 | Found the +0 pair of fencer's gloves {+Riposte Dex+3}
 48605 | Depths:3 | Identified the cursed +1 gold dragon scales of the Ancient Tales {+Inv rPois rF+ rC+} (You bought it in a shop on level 3 of the Depths)
 48606 | Depths:3 | Identified the cursed +1 plate armour of Zakimatu {+Fly Str+4} (You bought it in a shop on level 3 of the Depths)
 48607 | Depths:3 | Identified the +2 helmet of Geno {rCorr Str+3} (You bought it in a shop on level 3 of the Depths)
 48701 | Depths:3 | Killed a juggernaut
 48947 | Depths:3 | Reached skill level 15 in Translocations
 49124 | Depths:3 | Reached skill level 15 in Fighting
 49254 | Depths:3 | Reached skill level 10 in Long Blades
 49423 | Depths:3 | Identified a ring of the Octopus King {rCorr AC+1 EV+1 Str+1 Int+1 Dex+1} (You found it on level 3 of the Depths)
 49834 | Depths:4 | Identified the +7 chain mail of Ceeb {Dex+3} (You took it off a spriggan on level 4 of the Depths)
 50097 | Depths:4 | Identified the Grimoire of Flight
 50099 | Depths:4 | Identified the Almanac of Clay
 50233 | Depths:5 | Entered Level 5 of the Depths
 50531 | Depths:5 | Found a flickering gateway to a bazaar.
 50541 | Bazaar   | Entered a bazaar
 50541 | Bazaar   | Found Qivvialo's General Store.
 50541 | Bazaar   | Found Anti's Antique Weapon Boutique.
 50541 | Bazaar   | Found Ruestreus's Antique Armour Shoppe.
 50541 | Bazaar   | Found Beokanae's General Store.
 50544 | Bazaar   | Found Yluoze's Distillery.
 50544 | Bazaar   | Found Vaostoir's Assorted Antiques.
 50546 | Bazaar   | Bought a potion of curing for 36 gold pieces
 50546 | Bazaar   | Bought a scroll of teleportation for 36 gold pieces
 50546 | Bazaar   | Bought a potion of curing for 36 gold pieces
 50546 | Bazaar   | Bought a meat ration for 60 gold pieces
 50546 | Bazaar   | Bought a meat ration for 60 gold pieces
 50552 | Bazaar   | Bought a potion of might for 60 gold pieces
 50552 | Bazaar   | Bought 2 potions of curing for 90 gold pieces
 50557 | Bazaar   | Bought a scroll labeled JIAMICL OSAXKAKONG for 45 gold pieces
 50568 | Bazaar   | Bought the +0 cloak of Action {MR+ MP-9 Str+6 Int+3} for 205 gold pieces
 50586 | Bazaar   | Bought a potion of cancellation for 120 gold pieces
 50586 | Bazaar   | Bought a potion of agility for 60 gold pieces
 50586 | Bazaar   | Bought a potion of brilliance for 60 gold pieces
 50586 | Bazaar   | Bought a potion of brilliance for 60 gold pieces
 50586 | Bazaar   | Bought a potion of cancellation for 120 gold pieces
 50591 | Bazaar   | Bought a potion of heal wounds for 225 gold pieces
 50992 | Depths:5 | Found a basalt altar of Yredelemnul.
 51537 | Depths:2 | Found Gumeghou's Magic Scroll Emporium.
 51543 | Depths:2 | Bought a scroll of recharging for 218 gold pieces
 51543 | Depths:2 | Bought a scroll of fog for 46 gold pieces
 51556 | Depths:2 | Found a gateway to a ziggurat.
 51564 | Zig:1    | Entered Level 1 of a ziggurat
 51576 | Zig:1    | Gained mutation: You tend to lose your temper in combat. [a neqoxec]
 51600 | Zig:2    | Entered Level 2 of a ziggurat
 51633 | Zig:3    | Entered Level 3 of a ziggurat
 51678 | Zig:4    | Entered Level 4 of a ziggurat
 51708 | Zig:4    | HP: 3/269 [orc warlord/great sword (12)]
 51709 | Zig:4    | Annihilated by an orc warlord

Vault maps used:
D:1:      dpeg_arrival_tiny_a
D:2:      first_bread, nicolae_gozag_cash_rules_everything_around_me,
          uniq_natasha
D:3:      lemuel_doored_altar, nicolae_overflow_crystal_walls
D:4:      zin_scriptorium, uniq_blork_the_orc
D:5:      overflow_temple_1_default, cheibrodos_sewer_entry_sluice,
          kennysheep_generic_room_6
D:6:      grunt_temple_overflow_open, minmay_temple_entry_enclosed_plants,
          grunt_decor_one_mirror
D:7:      uniq_joseph
D:8:      old_standard_altar, serial_shops, nicolae_shop_crystal, uniq_erica
D:9:      elyvilon_altar_4, lemuel_crystal_altar, orc_0_dummy, special_room
D:10:     minivault_27, uniq_nergalle
D:11:     lair_entry_dummy, serial_shops, kennysheep_little_box, shop_statue,
          nicolae_shop_behind_doors, shop, kennysheep_mini_moat,
          hangedman_stone_soup
D:12:     lab_entry_generic
D:13:     hangedman_vaults_entry_quadrant_bands, enter_bailey_3
D:14:     minmay_misc_feat_encased, nicolae_ru_path_of_blood
D:15:     grunt_enter_depths_hoard, serial_glass, glass_columns_b,
          glass_columns_a, glass_columns_a, glass_columns_b, glass_columns_c,
          glass_columns_a, minmay_strange_pillars, uniq_sonja
Lair:1:   serial_bayou_crossing, serial_bayou_shore_a
Lair:2:   dummy_snake_entry, wad_woods_road_01, beast_lair_carwin_8
Lair:4:   minmay_swamp_entry_reptiles
Lair:5:   lemuel_fruit_fields
Lair:6:   minmay_lair_end_frog_pond, slime_dummy, minivault_29, uniq_snorg
Swamp:1:  evilmike_swamp_ruin_house_6, swamp_pool3, infiniplex_staircase_pool
Swamp:2:  evilmike_swamp_ruin_house_3, swamp_pool2, lightli_tree_ring
Swamp:3:  evilmike_swamp_ruin_house_5
Swamp:4:  swamp_old_school, nicolae_swamp_dense_foliage
Snake:1:  serial_corexii_hall, corexii_hall_statues_l, corexii_hall_statues_l,
          serial_bayou_pond_e, st_stairs_10
Snake:2:  gammafunk_sealed_library
Snake:4:  grunt_snake_rune_pools, serial_shops, shop, nicolae_shop_trees, shop,
          nicolae_snake_round_shape_thing, minmay_shop_grove
Slime:4:  cheibrodos_slime_lost_civilization_2
Orc:2:    grunt_orc_community_town_hall, grunt_orc_community_big_house_1,
          grunt_orc_community_big_house_1, grunt_orc_community_house_2,
          grunt_orc_community_house_2, grunt_orc_community_house_1,
          grunt_orc_community_house_2, grunt_orc_community_house_1,
          grunt_orc_community_house_2, minmay_orc_barracks
Elf:1:    eino_elf_arrival_altar, serial_shops, shop, hangedman_elf_disciples,
          minivault_27, grunt_megastairs_2
Elf:2:    uniq_azrael
Elf:3:    minmay_elf_hall_not_hex, serial_shops, shop,
          small_chamber_with_monster, guppyfry_elf_lava
Vaults:1: v_alt_pattern_4, hangedman_vaults_impose, nicolae_vaults_rhombus_7,
          v_misc_2, special_room_vaults, vaults_mumra_minichess_inversion,
          ontoclasm_vaults_chip
Vaults:2: nicolae_vaults_windows_and_doors_thing, vaults_room_ringed_pool,
          ontoclasm_vaults_shout, minmay_crypt_entry_necro_gods,
          vaults_room_pools, v_misc_2, hangedman_vaults_locks, v_misc_18,
          ontoclasm_vaults_eye, v_misc_30, vaults_dpeg_doors, basic_altar
Vaults:3: v_misc_26, v_misc_25, nicolae_vaults_alarming, v_rooms_4,
          dpeg_vaults_monster_box, v_alt_pattern_1,
          nicolae_vaults_hallways_thing, st_octagons_1, v_misc_2, v_misc_28,
          v_misc_8, nicolae_vaults_shelves_hall, ontoclasm_vaults_gateway,
          ontoclasm_vaults_twist, basic_altar
Vaults:4: nicolae_vaults_yaktaur_gun_rack, nicolae_vaults_c_with_doors,
          vaults_mumra_hexcomb, vaults_room_fours,
          nicolae_vaults_ring_of_whatevers, v_alt_pattern_1,
          grunt_vaults_hallway_long, vaults_mumra_hex,
          nicolae_vaults_mini_display_case
Depths:1: grunt_hell_entry_dis_grunt, hangedman_decor_slide_cut, minivault_12,
          uniq_asterion, uniq_enchantress
Depths:2: minmay_the_grid_triangle_9x9_rhombus_full_mashed, enter_ziggurat_a,
          hell_entry, serial_shops, nicolae_shop_behind_doors,
          rand_demon_pan_entry_4, minmay_strange_pillars, kennysheep_doodads
Depths:3: grunt_runaround, abyss_entry, pan_entry, hell_entry
Depths:4: mu_elemental_laboratory, hell_entry, minmay_room_of_horrors,
          minmay_misc_feat_ornament, aerie_lemuel, infiniplex_staircase_zigzag_2
Depths:5: evilmike_zot_entry_diamond, hangedman_decor_peaks_small, serial_shops,
          bzr_entry_customers, grunt_mini_vestibule, hangedman_blasphemy
Bazaar:   bazaar_minmay_generic_island
Sewer:    sewer_co_tree
Bailey:   bailey_axe_3, bailey

Skill      XL: |  1  2  3  4  5  6  7  8  9 10 11 12 13 14 15 16 17 18 19 20 21 22 23 24 25 26 27 |
---------------+----------------------------------------------------------------------------------+-----
Short Blades   | 5 6 7 8 10 11 13 15 16 18 19 20 21 22 23 25 | 25.8
Dodging        | 1 2 3 5 6 8 9 10 11 12 13 14 15 16 17 18 | 18.2
Fighting       | 3 4 5 6 8 9 10 11 12 13 14 16 | 16.2
Armour         | 2 5 7 9 11 13 | 13.2
Long Blades    | 1 5 13 | 13.9
Spellcasting   | 2 4 6 7 9 10 13 | 13.0
Earth Magic    | 6 9 11 | 11.2
Transmutations | 4 6 8 |  8.0
Charms         | 5 |  5.0
Necromancy     | 3 |  3.5
Stealth        | 9 14 17 20 | 20.2
Translocations | 5 12 15 | 15.0
Shields        | 10 | 10.5
Evocations     | |  1.0

Action                   |  1- 3 |  4- 6 |  7- 9 | 10-12 | 13-15 | 16-18 | 19-21 | 22-24 | 25-27 || total
-------------------------+-------+-------+-------+-------+-------+-------+-------+-------+-------++-------
Melee: Short sword       |   112 |   285 |   195 |       |       |       |       |       |       ||   592
       Rapier            |       |       |   252 |   894 |  1899 |  1658 |  2405 |   220 |       ||  7328
       Quick blade       |       |       |       |       |       |       |       |  2397 |  1944 ||  4341
       Kick              |       |       |       |       |       |       |       |   121 |       ||   121
       Scimitar          |       |       |       |       |       |       |       |    61 |  1222 ||  1283
Throw: Throwing net      |       |       |       |     1 |       |       |       |       |       ||     1
 Cast: Statue Form       |       |       |       |       |       |    28 |    83 |    50 |    78 ||   239
       Regeneration      |       |       |       |       |       |       |    87 |    83 |   134 ||   304
       Spectral Weapon   |       |       |       |       |       |       |     5 |    13 |     7 ||    25
       Apportation       |       |       |       |       |       |       |       |    12 |    52 ||    64
Invok: Call Merchant     |       |       |       |       |     3 |     3 |       |       |     3 ||     9
 Abil: End Transformatio |       |       |       |       |       |    15 |    37 |    11 |    23 ||    86
Evoke: Phial of floods   |       |     1 |     1 |     1 |     1 |       |     1 |       |       ||     5
       Wand              |       |       |       |    16 |    12 |    14 |    11 |     5 |    10 ||    68
       Lightning rod     |       |       |       |       |     6 |       |     1 |       |     9 ||    16
       Phantom mirror    |       |       |       |       |     1 |     1 |       |       |       ||     2
       Lamp of fire      |       |       |       |       |       |       |     1 |       |     2 ||     3
  Use: Scroll            |       |     7 |       |    20 |    15 |    21 |    17 |    27 |    16 ||   123
       Potion            |       |     1 |       |     5 |     7 |    12 |    12 |     5 |    15 ||    57
 Stab: Sleeping          |     3 |       |       |     1 |     1 |     1 |     9 |    51 |    17 ||    83
       Distracted        |       |       |     3 |     5 |    21 |     6 |    15 |    24 |    36 ||   110
       Held in net/web   |       |       |       |     1 |       |       |       |       |       ||     1
       Confused          |       |       |       |       |     6 |       |     3 |     2 |     3 ||    14
       Invisible         |       |       |       |       |    11 |       |       |       |       ||    11
  Eat: Fruit             |       |     6 |     4 |     8 |     5 |     3 |     5 |     2 |     9 ||    42
       Royal jelly       |       |     2 |     3 |     2 |     7 |    10 |     3 |     5 |     3 ||    35
       Bread ration      |       |       |       |     1 |     2 |     5 |     8 |     4 |     5 ||    25
       Meat ration       |       |       |       |       |       |     1 |     5 |     4 |     6 ||    16
Armor: Robe              |     6 |       |       |       |       |    11 |    12 |    26 |    36 ||    91
       Chain mail        |    36 |    96 |   110 |   131 |       |       |       |       |       ||   373
       Skin              |       |     1 |       |    32 |       |   139 |   688 |   471 |   810 ||  2141
       Ring mail         |       |       |       |    38 |    27 |       |       |       |       ||    65
       Plate armour      |       |       |       |       |   305 |   194 |       |       |       ||   499
Dodge: Dodged            |    38 |   115 |   155 |   415 |  1032 |  1013 |  2878 |  1968 |  2634 || 10248
Block: Other             |       |       |       |       |       |    49 |   286 |   197 |   167 ||   699
       Reflection        |       |       |       |       |       |     1 |    10 |    23 |    19 ||    53
       Buckler           |       |       |       |       |       |       |       |       |   458 ||   458
       Rpst.: Scimitar   |       |       |       |       |       |       |       |    12 |   339 ||   351
       Quick blade       |       |       |       |       |       |       |       |       |     3 ||     3
       Staff             |       |       |       |       |       |       |       |       |     1 ||     1

Table legend:
 A = Spawn XP
 B = Non-spawn XP
 C = Spawn XP percentage of total XP
 D = Spawn monster count
 E = Non-spawn monster count
 F = Spawn count percentage of total count
 G = Total turns spent on level
                    A         B        C        D         E        F      G
               +---------+---------+-------+---------+---------+-------+---------
         Total |   18431 | 1390011 |   1.3 |      50 |    2294 |   2.1 | 51709
               +---------+---------+-------+---------+---------+-------+---------
           D:1 |       0 |      30 |   0.0 |       0 |      17 |   0.0 |   474
           D:2 |       0 |      77 |   0.0 |       0 |      13 |   0.0 |   941
           D:3 |       0 |     160 |   0.0 |       0 |      11 |   0.0 |   648
           D:4 |       0 |     356 |   0.0 |       0 |      14 |   0.0 |   567
           D:5 |       0 |     533 |   0.0 |       0 |      21 |   0.0 |   603
           D:6 |       0 |     598 |   0.0 |       0 |      20 |   0.0 |   421
           D:7 |       0 |    2493 |   0.0 |       0 |      27 |   0.0 |   594
           D:8 |       0 |    3331 |   0.0 |       0 |      38 |   0.0 |   922
           D:9 |       0 |     493 |   0.0 |       0 |      12 |   0.0 |   479
          D:10 |       0 |    1015 |   0.0 |       0 |      25 |   0.0 |   463
          D:11 |       0 |    5699 |   0.0 |       0 |      30 |   0.0 |  1223
          D:12 |       0 |    3398 |   0.0 |       0 |      22 |   0.0 |   542
          D:13 |       0 |   10905 |   0.0 |       0 |      48 |   0.0 |   829
          D:14 |       0 |    9174 |   0.0 |       0 |      27 |   0.0 |  1106
          D:15 |       0 |    9090 |   0.0 |       0 |      21 |   0.0 |   447
        Lair:1 |       0 |    3505 |   0.0 |       0 |      17 |   0.0 |   587
        Lair:2 |       0 |    4518 |   0.0 |       0 |      25 |   0.0 |   498
        Lair:3 |       0 |    6641 |   0.0 |       0 |      48 |   0.0 |   735
        Lair:4 |       0 |    6116 |   0.0 |       0 |      15 |   0.0 |   454
        Lair:5 |       0 |    3086 |   0.0 |       0 |      14 |   0.0 |   447
        Lair:6 |       0 |   43171 |   0.0 |       0 |     131 |   0.0 |  2204
       Swamp:1 |       0 |    7550 |   0.0 |       0 |      19 |   0.0 |   460
       Swamp:2 |       0 |    9997 |   0.0 |       0 |      26 |   0.0 |   442
       Swamp:3 |       0 |   15408 |   0.0 |       0 |      27 |   0.0 |   834
       Swamp:4 |       0 |   37440 |   0.0 |       0 |      64 |   0.0 |  1008
       Snake:1 |       0 |   11074 |   0.0 |       0 |      23 |   0.0 |   443
       Snake:2 |       0 |   31765 |   0.0 |       0 |      45 |   0.0 |   796
       Snake:3 |       0 |    9969 |   0.0 |       0 |      21 |   0.0 |   509
       Snake:4 |       0 |   53795 |   0.0 |       0 |      82 |   0.0 |  1428
       Slime:1 |       0 |   13337 |   0.0 |       0 |      18 |   0.0 |   414
       Slime:2 |       0 |    4401 |   0.0 |       0 |       8 |   0.0 |   183
       Slime:3 |       0 |    6423 |   0.0 |       0 |      12 |   0.0 |   197
       Slime:4 |       0 |   19326 |   0.0 |       0 |      42 |   0.0 |   830
       Slime:5 |       0 |   49429 |   0.0 |       0 |      53 |   0.0 |  1103
         Orc:1 |       0 |    1040 |   0.0 |       0 |      18 |   0.0 |   365
         Orc:2 |       0 |   10854 |   0.0 |       0 |     112 |   0.0 |  1655
         Elf:1 |       0 |   17978 |   0.0 |       0 |      29 |   0.0 |  1704
         Elf:2 |       0 |   42006 |   0.0 |       0 |      62 |   0.0 |  1913
         Elf:3 |       0 |   82042 |   0.0 |       0 |      88 |   0.0 |  5446
      Vaults:1 |       0 |   59216 |   0.0 |       0 |     121 |   0.0 |  1929
      Vaults:2 |       0 |   38048 |   0.0 |       0 |      60 |   0.0 |   803
      Vaults:3 |       0 |   74737 |   0.0 |       0 |     121 |   0.0 |  1855
      Vaults:4 |       0 |   52161 |   0.0 |       0 |      68 |   0.0 |   719
      Vaults:5 |       0 |  180930 |   0.0 |       0 |     126 |   0.0 |  2493
      Depths:1 |       0 |   55071 |   0.0 |       0 |      58 |   0.0 |  1198
      Depths:2 |       0 |   85116 |   0.0 |       0 |      80 |   0.0 |  1048
      Depths:3 |       0 |  163494 |   0.0 |       0 |     111 |   0.0 |  1921
      Depths:4 |       0 |   54670 |   0.0 |       0 |      71 |   0.0 |  1027
      Depths:5 |       0 |   67248 |   0.0 |       0 |      61 |   0.0 |   621
       Abyss:2 |   11317 |    5564 |  67.0 |      25 |      13 |  65.8 |   888
       Abyss:3 |    7114 |    3429 |  67.5 |      25 |       5 |  83.3 |   845
         Zig:1 |       0 |    1147 |   0.0 |       0 |       3 |   0.0 |    36
         Zig:2 |       0 |    2650 |   0.0 |       0 |       2 |   0.0 |    33
         Zig:3 |       0 |    3173 |   0.0 |       0 |       5 |   0.0 |    45
         Zig:4 |       0 |    3008 |   0.0 |       0 |       4 |   0.0 |    31
           Lab |       0 |    1085 |   0.0 |       0 |       1 |   0.0 |   222
         Sewer |       0 |     401 |   0.0 |       0 |      28 |   0.0 |   828
        Bailey |       0 |     640 |   0.0 |       0 |      11 |   0.0 |   150
               +---------+---------+-------+---------+---------+-------+---------
